 Dungeon Crawl Stone Soup version 0.16-a0-1120-gd281f79 (webtiles) character file.

86 Ololoev the Slasher (level 4, 0/36 HPs)
             Began as a Centaur Gladiator on Oct 6, 2014.
             Slain by a gnoll
             ... wielding a +0 spear
              (4 damage)
             ... on level 3 of the Dungeon.
             The game lasted 00:02:29 (2017 turns).

Ololoev the Slasher (Centaur Gladiator)             Turns: 2017, Time: 00:02:30

Health: 0/36       AC:  5    Str: 17    XL:     4   Next: 26%
Magic:  3/3        EV: 13    Int:  7    God:
Gold:   64         SH:  0    Dex: 11    Spells: 0 memorised, 3 levels left

rFire  . . .     SeeInvis .     a - +0 long sword
rCold  . . .     Clarity  .     b - +0 leather armour
rNeg   . . .     SustAb   .     (no shield)
rPois  .         Gourm    .     c - +0 helmet
rElec  .         Spirit   .     (no cloak)
rCorr  .         Warding  .     (no gloves)
rMut   .         Stasis   .     (no barding)
MR     .....                    (no amulet)
Stlth  +.........               t - ring of wizardry
                                j - +3 ring of evasion

@: very quick, not resistant to hostile enchantments, very unstealthy
A: hooves 3, deformed body, speed 2, tough skin 3
a: no special abilities


You were on level 3 of the Dungeon.
You were not hungry.

You visited 1 branch of the dungeon, and saw 3 of its levels.

You collected 64 gold pieces.

Inventory:

Hand weapons
 a - a +0 long sword (weapon)
Missiles
 d - 3 throwing nets (quivered)
Armour
 b - a +0 leather armour (worn)
 c - a +0 helmet (worn)
Magical devices
 o - a wand of confusion (3)
Comestibles
 f - 2 bread rations
 h - 2 meat rations
 u - a chunk of quokka flesh
Scrolls
 e - 2 scrolls of remove curse {unknown}
 k - 2 scrolls of enchant weapon {unknown}
 l - 2 scrolls of recharging {unknown}
 m - a scroll of enchant armour {unknown}
 n - a scroll of teleportation {unknown}
 q - a scroll of identify {unknown}
 s - a scroll of blinking {unknown}
Jewellery
 j - a +3 ring of evasion (left hand)
 t - a ring of wizardry (right hand)
Potions
 g - 2 potions of agility {unknown}
 i - a potion of brilliance {unknown}
 p - a potion of haste {unknown}
 r - a potion of confusion {unknown}
 v - a potion of mutation {unknown}


   Skills:
 - Level 2.0 Fighting
 + Level 4.6 Long Blades
 - Level 2.6 Throwing
 - Level 2.1 Dodging


You had 3 spell levels left.
You didn't know any spells.

Dungeon Overview and Level Annotations

Branches:
Dungeon (3/15)

Altars:


Innate Abilities, Weirdness & Mutations

You have hooves in place of feet.
Armour fits poorly on your strangely shaped body.
You cover ground very quickly.
You have extremely tough skin (AC +3).


Message History

The gnoll barely misses you.
You closely miss the gnoll. You kick the gnoll, but do no damage.
The gnoll is severely wounded.
The gnoll hits you from afar with a spear. x2
The gnoll hits you but does no damage.
The gnoll hits you from afar with a spear. x2
You barely miss the gnoll.
The gnoll is severely wounded.
The gnoll hits you but does no damage.
The gnoll hits you from afar with a spear!
* * * LOW HITPOINT WARNING * * *
The gnoll hits you from afar with a spear.
* * * LOW HITPOINT WARNING * * *
You are too injured to fight recklessly!
You are too injured to fight recklessly!
You are too injured to fight recklessly!
You are too injured to fight recklessly!
You are too injured to fight recklessly!
The gnoll hits you from afar with a spear.
You die...

###. #.......#
...#.##.......#.
.....#..........
#.#..#.......#
####.#..#.......#..
........#.<...)....
#......%.........
#..#..######.###
#..#..@## .#
#.......## #
#...g....#
#..........#
#....gg..#.#
#.......##.#
#.##..... . ...
..##### # ###


You could see 3 gnolls.

Vanquished Creatures
  3 adders (D:2)
  A gnoll (D:3)
  A worm (D:2)
  4 hobgoblins
  3 jackals (D:2)
  2 quokkas
  A ball python (D:1)
  4 bats
  6 giant cockroaches
  3 giant geckos
  3 giant newts
  5 goblins
  4 kobolds
  4 rats
44 creatures vanquished.

Notes
Turn   | Place    | Note
--------------------------------------------------------------
     0 | D:1      | Ololoev, the Centaur Gladiator, began the quest for the Orb.
     0 | D:1      | Reached XP level 1. HP: 17/17 MP: 1/1
   277 | D:1      | Reached skill level 3 in Long Blades
   346 | D:1      | Reached XP level 2. HP: 22/24 MP: 2/2
   919 | D:2      | Reached XP level 3. HP: 26/29 MP: 3/3
  1238 | D:2      | Reached skill level 4 in Long Blades
  1676 | D:2      | Reached XP level 4. HP: 23/36 MP: 3/3
  2017 | D:3      | Slain by a gnoll

Action                   |  1- 3 |  4- 6 || total
-------------------------+-------+-------++-------
Melee: Long sword        |   124 |    25 ||   149
Evoke: Wand              |     2 |     3 ||     5
 Stab: Confused          |     1 |       ||     1
  Eat: Chunk             |     1 |     1 ||     2
